 Dungeon Crawl Stone Soup version 0.21-a0-71-g5e5ddd2 (webtiles) character file.

67273 grindst0ne the Maledictor (level 14, -23/103 HPs)
             Began as a Vampire Enchanter on June 16, 2017.
             Was the Champion of Ru.
             Killed from afar by an orc sorcerer (28 damage)
             ... with a bolt of fire
             ... on level 2 of the Orcish Mines on June 19, 2017.
             The game lasted 01:46:17 (32444 turns).

grindst0ne the Maledictor (Vampire Enchanter)      Turns: 32444, Time: 01:46:19

Health: -23/103    AC:  0    Str:  7    XL:     14   Next: 82%
Magic:  17/18      EV: 33    Int: 19    God:    Ru [******]
Gold:   1194       SH:  3    Dex: 21    Spells: 9/17 levels left

rFire    . . .     SeeInvis +   (weapon currently unavailable)
rCold    + + .     Gourm    .   (shield currently unavailable)
rNeg     + + +     Faith    .   (armour currently unavailable)
rPois    ∞         Spirit   .   (helmet currently unavailable)
rElec    .         Reflect  +   (cloak currently unavailable)
rCorr    .         Harm     .   (gloves currently unavailable)
MR       .....                  (boots currently unavailable)
Stlth    ++++++++..             f - +3 amulet of reflection
HPRegen  0.00/turn              (ring currently unavailable)
MPRegen  0.16/turn              (ring currently unavailable)

@: exhausted, bat-form, no scrolls, flying, bloodless, non-regenerating,
drained, very quick
A: fangs 3, see invisible, clumsy 1, inability to read while threatened, hated
by all, inability to train armour, no poison magic, no translocations magic, no
transmutations magic, magic vulnerability 1
a: End Transformation, Draw Out Power, Power Leap, Apocalypse, Renounce Religion


You were on level 2 of the Orcish Mines.
You worshipped Ru.
Ru was exalted by your worship.
You were bloodless.
You were in vampire-bat-form.
You visited 4 branches of the dungeon, and saw 19 of its levels.
You also visited: Ice Cave.

You collected 1194 gold pieces.

Inventory:

Hand Weapons
 a - the +8 autumn katana {slice, Clar}
   (You found it in an ice cave)

   It inflicts extra damage upon your enemies.
   It protects you against confusion.
 b - a +3 dagger of electrocution (melded)
Armour
 g - the +2 shield of Resistance {rF+ rC+ MR+}
   (You found it on level 9 of the Dungeon)

   It protects you from fire.
   It protects you from cold.
   It affects your resistance to hostile enchantments.
 j - a scarf of repulsion
 p - +2 acid dragon scales (melded)
 y - a +1 helmet (melded)
 F - a +0 pair of boots
 G - a +2 cloak (melded)
 K - a +1 pair of boots (melded)
Jewellery
 f - a +3 amulet of reflection (around neck)
 h - a ring of stealth (melded)
 s - an uncursed ring of resist corrosion
 x - a ring of stealth (melded)
Wands
 e - a wand of disintegration (9/24)
 k - a wand of flame (15/48)
 m - a wand of flame (12/48)
 o - a wand of confusion (12/48)
 t - a wand of disintegration (7/24)
 H - a wand of flame (33/48)
 J - a wand of enslavement (9/24)
 P - a wand of iceblast (6/15)
Scrolls
 d - 5 scrolls of magic mapping
 i - 3 scrolls of enchant weapon
 n - a scroll of brand weapon
 r - 5 scrolls of amnesia
 v - 5 scrolls of teleportation
 w - 7 scrolls of remove curse
 L - 4 scrolls of fear
 N - a scroll of blinking
Potions
 l - 5 potions of flight
 q - 24 potions of blood
 u - 2 potions of mutation
 z - 5 potions of curing
 B - 3 potions of magic
 C - a potion of resistance
 M - 2 potions of ambrosia
Books
 c - a book of Maledictions

   Spells                             Type                      Level
   a - Corona                         Hexes                        1
   b - Ensorcelled Hibernation        Hexes/Ice                    2
   c - Confuse                        Hexes                        3
   d - Tukima's Dance                 Hexes                        3
   e - Dazzling Spray                 Conjuration/Hexes            3
 A - a book of Necromancy

   Spells                             Type                      Level
   a - Pain                           Necromancy                   1
   b - Animate Skeleton               Necromancy                   1
   c - Vampiric Draining              Necromancy                   3
   d - Regeneration                   Charms/Necromancy            3
   e - Animate Dead                   Necromancy                   4
   f - Control Undead                 Necromancy                   4
 O - a book of Misfortune

   Spells                             Type                      Level
   a - Confusing Touch                Hexes                        1
   b - Confuse                        Hexes                        3
   c - Gell's Gravitas                Translocation                3
   d - Petrify                        Transmutation/Earth          4
   e - Metabolic Englaciation         Hexes/Ice                    5
   f - Yara's Violent Unravelling     Hexes/Transmutation          5


   Skills:
 - Level 7.3(6.9) Fighting
 - Level 11.1(10.7) Short Blades
 + Level 12.5(12.0) Dodging
 - Level 15.2(14.7) Stealth
 + Level 2.2(1.9) Shields
 - Level 2.0(1.6) Spellcasting
 + Level 21.3(20.8) Hexes
 - Level 6.0(5.6) Evocations


You had 9 spell levels left.
You knew the following spells:

 Your Spells              Type           Power        Failure   Level  Hunger
a - Confuse               Hex            ######..     0%          3    ###....
b - Ensorcelled Hibernat  Hex/Ice        #####.       1%          2    ###....
c - Tukima's Dance        Hex            ######..     0%          3    ###....


Dungeon Overview and Level Annotations

Branches:
Dungeon (10/15)            Temple (1/1) D:7            Lair (6/6) D:8
 Shoals (0/4) Lair:3       Spider (0/4) Lair:3        Slime (0/5) Lair:6
    Orc (2/2) D:9             Elf (0/3) Orc:2

Altars:
Ashenzari
Cheibriados
Dithmenos
Elyvilon
Fedhas
Gozag
Hepliaklqana
Kikubaaqudgha
Makhleb
Nemelex Xobeh
Okawaru
Qazlal
Ru
Sif Muna
Trog
Uskayaw
Vehumet
Wu Jian
Xom
Yredelemnul
Zin
The Shining One

Annotations:
D:10 1 runed door
Lair:5 exclusion: downstairs


Innate Abilities, Weirdness & Mutations

You do not heal naturally.
You are immune to poison.
You have razor-sharp teeth.
You have supernaturally acute eyesight. (SInv)
You are clumsy. (Dex -2)
((You can survive without breathing.))
You cannot read scrolls while threatened.
You are hated by all.
You cannot train Armour skill.
You cannot study or cast Poison magic.
You cannot study or cast Translocations magic.
You cannot study or cast Transmutations magic.
You are slightly vulnerable to magic. (MR-)


Message History

You block the orc sorcerer's attack.
The orc knight hits you with a battleaxe!!
The orange demon completely misses you. The chaos spawn gores you!
* * * LOW HITPOINT WARNING * * *
You are engulfed in flames!
* * * LOW HITPOINT WARNING * * *
You focus your will and blind the chaos spawn in retribution!
Okay, then.
The orange demon disappears in a puff of smoke!
The orc sorcerer gestures wildly while chanting.
You see here a dagger of protection.
Things that are here:
a mace; a plate armour; an orc skeleton
Things that are here:
a ring mail; an enchanted flail
Items here: )) [ ÷÷ a club; a chain mail; a dire flail; an orc skeleton x2
The orc sorcerer gestures at you while chanting.
The bolt of fire hits you!
You die...

..............#.##..........##...
...####....[..#.#..#......### ..>
..#####.......#######.....## ...
..#.#...)[....#.##...[.....##. ..
.........)#.....#...[[........ .
..........##.[..#..............
.........##....)...............
.........##....<....####.......
#.#...##.###..).b..[.# .......
#.##...######.##).#### #.##.#
###...####.###.)..# ## .#
##...##......[).#
##...##.....)..##
#........).o.#.##
#.#.#....o.....# ##......o#....##
##......###.##


You could see 2 orc knights and an orc sorcerer.

Vanquished Creatures
  Gastronok (Lair:1)
  2 fire dragons (D:9)
  The ghost of tstbtto the Cleaver, a journeyman GrBe of Trog (Lair:4)
  4 hydras
  2 ice dragons (D:9)
  Fannar (Lair:1)
  Harold (D:10)
  Erica (Lair:1)
  A catoblepas (Lair:6)
  3 two-headed ogres
  6 death yaks
  An orc high priest (Orc:1)
  An orc knight (Orc:1)
  An orc sorcerer (Orc:1)
  A merfolk siren (Lair:3)
  4 elephants
  8 black mambas
  15 spiny frogs
  8 rime drakes
  7 komodo dragons
  10 ice devils (IceCv)
  3 trolls
  4 polar bears
  26 blink frogs
  5 hornets (Lair:6)
  7 hippogriffs
  4 dream sheep
  15 spriggans (Lair:6)
  A redback (Lair:3)
  37 yaks
  2 wyverns
  4 basilisks
  A hungry ghost (D:7)
  A steam dragon (D:10)
  An acid dragon (D:9)
  A warg (Orc:2)
  4 soldier ants (D:10)
  Edmund (D:5)
  12 water moccasins
  A hornet zombie (D:10)
  Duvessa (D:5)
  8 porcupines
  14 orc warriors
  9 black bears
  3 phantoms
  3 sky beasts
  6 ogres
  A necrophage (D:6)
  5 ice beasts
  28 wolves
  3 boggarts (Lair:6)
  6 centaurs
  16 crocodiles
  Blork the orc (D:5)
  5 big kobolds
  14 bullfrogs
  3 gnoll sergeants
  Dowan (D:5)
  3 scorpions
  A water moccasin skeleton (D:5)
  8 wights
  20 killer bees
  2 electric eels (Lair:1)
  5 howler monkeys
  3 crimson imps
  A bullfrog zombie (D:8)
  2 centaur zombies
  2 quasits
  Crazy Yiuf (D:5)
  3 hounds
  14 jellies
  A centaur skeleton (D:6)
  20 orc wizards
  13 orc priests
  4 iguanas
  7 worker ants
  A killer bee zombie (D:9)
  A howler monkey zombie (D:7)
  16 adders
  20 gnolls
  A howler monkey skeleton (D:5)
  2 shadow imps
  7 white imps (IceCv)
  7 ufetubi (IceCv)
  3 oozes
  An adder zombie (D:7)
  2 worms (D:2)
  3 dart slugs
  7 leopard geckos
  65 orcs
  3 giant cockroaches
  7 hobgoblins
  11 jackals
  A quokka (D:5)
  5 ball pythons
  5 bats
  7 frilled lizards
  8 goblins
  3 goblin skeletons (D:6)
  2 goblin zombies (D:6)
  2 hobgoblin zombies
  16 kobolds
  3 kobold skeletons (D:6)
  A kobold zombie (D:6)
  An orc skeleton (D:6)
  2 orc zombies (D:6)
  A quokka skeleton (D:9)
  8 rats
  A spectral orc (D:8)
669 creatures vanquished.

Vanquished Creatures (collateral kills)
  A two-headed ogre (D:9)
  An ogre (D:5)
  A crimson imp (D:8)
3 creatures vanquished.

Vanquished Creatures (others)
  A reaper (IceCv)
  A white imp (IceCv)
  4 ufetubi (IceCv)
  An orc (Orc:1)
  23 fungi
  14 plants
44 creatures vanquished.

Grand Total: 716 creatures vanquished

Notes
Turn   | Place    | Note
-------+----------+-------------------------------------------
     0 | D:1      | grindst0ne the Vampire Enchanter began the quest for the Orb.
     0 | D:1      | Reached XP level 1. HP: 13/13 MP: 3/3
   519 | D:1      | Reached XP level 2. HP: 19/19 MP: 5/5
   526 | D:1      | Learned a level 2 spell: Ensorcelled Hibernation
   600 | D:1      | Reached skill level 5 in Hexes
   793 | D:1      | Reached skill level 5 in Stealth
  1212 | D:2      | Reached XP level 3. HP: 7/24 MP: 1/6
  1679 | D:2      | Reached skill level 6 in Hexes
  1734 | D:2      | Reached XP level 4. HP: 22/30 MP: 0/7
  3020 | D:3      | Reached XP level 5. HP: 27/35 MP: 2/8
  3224 | D:2      | Learned a level 3 spell: Confuse
  3450 | D:3      | Reached skill level 7 in Hexes
  4302 | D:3      | Found a bloodstained altar of Trog.
  4343 | D:4      | Noticed a phantom
  4426 | D:4      | Killed a phantom
  4426 | D:4      | Reached skill level 8 in Hexes
  4426 | D:4      | Reached XP level 6. HP: 41/41 MP: 2/9
  4489 | D:4      | Learned a level 3 spell: Tukima's Dance
  5545 | D:4      | Reached XP level 7. HP: 33/46 MP: 0/10
  6298 | D:5      | Entered Level 5 of the Dungeon
  6298 | D:5      | Found a shattered altar of Ashenzari.
  6322 | D:5      | Reached skill level 9 in Hexes
  6421 | D:5      | Reached skill level 10 in Stealth
  6655 | D:5      | Noticed Blork the orc
  6661 | D:5      | Killed Blork the orc
  6688 | D:5      | Found a runed door.
  6728 | D:5      | Reached skill level 10 in Hexes
  6743 | D:5      | Reached XP level 8. HP: 50/52 MP: 4/11
  6927 | D:5      | Noticed Duvessa
  6928 | D:5      | Noticed Dowan
  6939 | D:5      | Killed Duvessa
  6943 | D:5      | Killed Dowan
  7093 | D:5      | Reached skill level 11 in Hexes
  7208 | D:5      | Noticed Edmund
  7213 | D:5      | Killed Edmund
  7460 | D:5      | Noticed Crazy Yiuf
  7464 | D:5      | Killed Crazy Yiuf
  7645 | D:6      | Found a glowing silver altar of Zin.
  7688 | D:6      | Reached skill level 12 in Hexes
  7810 | D:6      | Found a glowing golden altar of the Shining One.
  7881 | D:6      | Reached XP level 9. HP: 57/57 MP: 6/12
  8841 | D:7      | Reached skill level 13 in Hexes
  9166 | D:7      | Found a staircase to the Ecumenical Temple.
  9182 | Temple   | Entered the Ecumenical Temple
  9362 | Temple   | Became a worshipper of Ru the Awakened
  9464 | D:7      | Found an ornate altar of the Wu Jian Council.
 10122 | D:7      | Reached skill level 14 in Hexes
 10877 | D:7      | Reached skill level 15 in Stealth
 10952 | D:8      | Found a shimmering altar of Xom.
 10965 | D:8      | Found a staircase to the Lair.
 11193 | D:8      | Noticed a two-headed ogre
 11211 | D:8      | Reached skill level 1 in Evocations
 11211 | D:8      | Reached XP level 10. HP: 62/63 MP: 6/13
 11219 | D:8      | Gained mutation: You cannot read scrolls while threatened. [Ru sacrifice]
 11219 | D:8      | Reached * piety under Ru
 11495 | D:8      | Killed a two-headed ogre
 11584 | D:8      | Found a basalt altar of Yredelemnul.
 11818 | D:8      | Noticed a two-headed ogre
 11830 | D:8      | Killed a two-headed ogre
 11830 | D:8      | Reached skill level 5 in Evocations
 12489 | D:9      | Found an opulent altar of Gozag.
 12493 | D:9      | Found a radiant altar of Vehumet.
 12527 | D:9      | Found a staircase to the Orcish Mines.
 12568 | D:9      | Noticed a two-headed ogre
 12636 | D:9      | Killed a two-headed ogre
 12656 | D:9      | Reached skill level 15 in Hexes
 13275 | D:9      | Noticed a two-headed hydra
 13549 | D:9      | Found a stormy altar of Qazlal.
 13575 | D:9      | Reached XP level 11. HP: 29/68 MP: 10/15
 13580 | D:9      | HP: 3/68 [acid (15)]
 14293 | D:9      | Reached skill level 5 in Short Blades
 14387 | D:9      | Gained mutation: You cannot train Armour skill. [Ru sacrifice]
 14387 | D:9      | Reached ** piety under Ru
 14486 | D:9      | Noticed a two-headed ogre
 14489 | D:9      | Killed a two-headed ogre
 14689 | D:9      | Reached skill level 16 in Hexes
 14887 | D:9      | Found a runed door.
 14891 | D:9      | Noticed a fire dragon
 14894 | D:9      | Noticed an ice dragon
 14894 | D:9      | Noticed an ice dragon
 14896 | D:9      | Noticed a fire dragon
 14897 | D:9      | Found a runed door.
 14967 | D:9      | Killed an ice dragon
 15030 | D:9      | Killed a two-headed hydra
 15106 | D:10     | Entered Level 10 of the Dungeon
 15297 | D:10     | Found a runed door.
 15300 | D:10     | Found a runed gate.
 15371 | D:10     | Found a runed gate.
 15371 | D:10     | Found a runed gate.
 15381 | D:10     | Found a runed door.
 15617 | D:10     | Noticed Harold
 15624 | D:10     | Killed Harold
 15876 | Lair:1   | Entered Level 1 of the Lair of Beasts
 15955 | Lair:1   | Noticed Fannar
 15955 | Lair:1   | Reached skill level 17 in Hexes
 16015 | Lair:1   | Killed Fannar
 16091 | Lair:1   | Reached skill level 5 in Dodging
 16129 | Lair:1   | Gained mutation: You are slightly vulnerable to magic. (MR-) [Ru sacrifice]
 16129 | Lair:1   | Reached *** piety under Ru
 16129 | Lair:1   | Reached **** piety under Ru
 16171 | Lair:1   | Reached XP level 12. HP: 74/74 MP: 16/16
 16200 | Lair:1   | Noticed Erica
 16207 | Lair:1   | Killed Erica
 16316 | Lair:1   | Noticed Gastronok
 16691 | Lair:1   | Killed Gastronok
 16792 | Lair:1   | Reached skill level 18 in Hexes
 17432 | Lair:2   | Found a frozen archway.
 17440 | IceCv    | Entered an ice cave
 17797 | IceCv    | Killed a reaper
 18867 | IceCv    | Reached skill level 10 in Short Blades
 21136 | Lair:2   | Gained mutation: You cannot study or cast Poison magic. [Ru sacrifice]
 21136 | Lair:2   | Gained mutation: You cannot study or cast Transmutations magic. [Ru sacrifice]
 21136 | Lair:2   | Gained mutation: You cannot study or cast Translocations magic. [Ru sacrifice]
 21136 | Lair:2   | Reached ***** piety under Ru
 21855 | Lair:2   | Reached XP level 13. HP: 79/79 MP: 12/17
 22385 | Lair:3   | Upgraded the game from 0.21-a0-59-g7b0e191 to 0.21-a0-71-g5e5ddd2
 22622 | Lair:3   | Reached skill level 19 in Hexes
 22744 | Lair:3   | Found a hole to the Spider Nest.
 23014 | Lair:3   | Found a staircase to the Shoals.
 23338 | Lair:4   | Gained mutation: You are hated by all. [Ru sacrifice]
 24142 | Lair:4   | Reached skill level 1 in Fighting
 24888 | Lair:4   | Noticed tstbtto's ghost (journeyman GrBe)
 24917 | Lair:4   | Killed tstbtto's ghost
 26459 | Lair:5   | Reached skill level 10 in Dodging
 27207 | Lair:5   | Reached skill level 20 in Hexes
 27331 | Lair:6   | Entered Level 6 of the Lair of Beasts
 27443 | Lair:6   | Gained mutation: You are clumsy. (Dex -2) [Ru sacrifice]
 27443 | Lair:6   | Reached ****** piety under Ru
 27532 | Lair:6   | Found a staircase to the Slime Pits.
 27658 | Lair:6   | Reached skill level 5 in Fighting
 27658 | Lair:6   | Reached XP level 14. HP: 98/98 MP: 15/18
 29916 | Lair:6   | Reached skill level 21 in Hexes
 31217 | D:10     | Reached skill level 1 in Shields
 31504 | Orc:1    | Entered Level 1 of the Orcish Mines
 31608 | Orc:2    | Entered Level 2 of the Orcish Mines
 32017 | Orc:2    | Found a staircase to the Elven Halls.
 32417 | Orc:2    | Paralysed by an orc sorcerer for 7 turns
 32426 | Orc:2    | Paralysed by an orc sorcerer for 7 turns
 32435 | Orc:2    | HP: 5/103 [chaos spawn[an orc sorcerer] (10)]
 32444 | Orc:2    | Killed from afar by an orc sorcerer

Vault maps used:
D:1:      dpeg_arrival_refuge
D:2:      wad_pebble_path, first_bread, minmay_tall_x
D:3:      cheibrodos_pilgrimage, lightli_temple_of_fire
D:5:      ashenzari_altar_1, uniq_crazy_yiuf_cottage, uniq_duvessa,
          uniq_blork_the_orc, uniq_edmund
D:6:      old_standard_altar, nicolae_tso_besieged_by_evil
D:7:      nicolae_overflow_crystal_walls, minmay_temple_entry_junction_2
D:8:      kennysheep_mini_moat, yredelemnul_forgotten_temple_becter,
          lair_entry_dummy
D:9:      overflow_temple_1_default, nicolae_overflow_hidden_temple,
          vehumet_altar_wand_db, orc_0_dummy, hangedman_ranch,
          minmay_guarded_unrand_resistance
D:10:     minmay_guarded_unrand_staff_of_olgreb, uniq_harold
Temple:   minmay_temple_bridge_abc
Lair:1:   hangedman_lair_unloving_vines, grunt_forest_stairs_basic,
          serial_bayou_shore_a, uniq_erica, uniq_fannar, uniq_gastronok
Lair:2:   portal_ice_cave_rime, minivault_25, infiniplex_staircase_pool_2,
          grunt_megastairs_1, lemuel_fruit_tree
Lair:3:   minmay_shoals_entry_lonely_mermaid, spider_nest_entry_rubble,
          serial_bayou_pond_e
Lair:5:   st_stairs_10
Lair:6:   minmay_lair_end_enchanted_forest, minmay_slime_entry_jelly_boxes
Orc:1:    uniq_erolcha
Orc:2:    grunt_orc_tribal_feast, special_room, basic_altar, uniq_saint_roka
IceCv:    ice_cave_small_demon

Skill      XL: |  1  2  3  4  5  6  7  8  9 10 11 12 13 14 |
---------------+-------------------------------------------+-----
Hexes          | 5 6 8 10 12 14 15 17 18 20 21 | 21.3
Stealth        | 5 6 7 8 9 10 13 15 | 15.2
Evocations     | 1 6 |  6.0
Short Blades   | 4 8 10 11 | 11.1
Dodging        | 5 8 11 12 | 12.5
Fighting       | 5 7 |  7.3
Shields        | 2 |  2.2
Spellcasting   | |  2.0

Action                   |  1- 3 |  4- 6 |  7- 9 | 10-12 | 13-15 || total
-------------------------+-------+-------+-------+-------+-------++-------
Melee: Dagger            |    94 |   116 |   216 |   384 |   481 ||  1291
       Bite              |     7 |     2 |    21 |    37 |    27 ||    94
       Unarmed           |       |       |     2 |       |       ||     2
       Katana            |       |       |       |       |    93 ||    93
 Cast: Ensorcelled Hiber |    10 |    50 |    60 |   109 |   296 ||   525
       Confuse           |       |     4 |    22 |    53 |    60 ||   139
       Tukima's Dance    |       |       |     1 |     3 |     1 ||     5
Invok: Sacrifice Words   |       |       |       |     1 |       ||     1
       Sacrifice Essence |       |       |       |     1 |       ||     1
       Sacrifice Durabil |       |       |       |     1 |       ||     1
       Sacrifice Arcana  |       |       |       |     1 |       ||     1
       Sacrifice Purity  |       |       |       |       |     1 ||     1
       Sacrifice Love    |       |       |       |       |     1 ||     1
       Draw Out Power    |       |       |       |       |     2 ||     2
 Abil: Bat Form          |       |     2 |     2 |     8 |     5 ||    17
       End Transformatio |       |     2 |     2 |     8 |     4 ||    16
Evoke: Wand              |       |       |       |     4 |     5 ||     9
  Use: Potion            |       |     6 |     5 |    29 |     9 ||    49
       Scroll            |       |       |    18 |     2 |     9 ||    29
 Stab: Sleeping          |    17 |    45 |    69 |   129 |   206 ||   466
       Distracted        |     1 |       |     1 |     1 |     5 ||     8
       Confused          |       |     1 |    10 |    27 |    30 ||    68
       Invisible         |       |       |       |     6 |     6 ||    12
Armor: Leather armour    |    29 |    28 |    38 |    26 |       ||   121
       Acid dragon scale |       |       |       |    55 |   155 ||   210
Dodge: Dodged            |    60 |    50 |    95 |   202 |   425 ||   832
Block: Other             |    21 |    11 |    22 |    43 |    51 ||   148
       Reflection        |       |       |     2 |       |       ||     2
       Rpst.: Katana     |       |       |       |       |    17 ||    17
